 Dungeon Crawl Stone Soup version 0.25.0-41-g26779e291d (webtiles) character file.

Game seed: 6545474438943286184

252 Peloso the Shield-Bearer (level 5, -2/41 HPs)
             Began as a Vampire Fighter on July 10, 2020.
             Slain by a bullfrog (3 damage)
             ... in a sewer.
             The game lasted 00:07:03 (2409 turns).

Peloso the Shield-Bearer (Vampire Fighter)          Turns: 2409, Time: 00:07:04

Health: -2/41      AC:  6    Str: 16    XL:     5   Next: 89%
Magic:  5/5        EV:  4    Int: 11    God:
Gold:   144        SH: 10    Dex: 19    Spells: 4/4 levels left

rFire    x . .     SeeInvis +   a - +0 long sword
rCold    + . .     Gourm    .   c - +0 kite shield
rNeg     . . .     Faith    .   b - +0 scale mail
rPois    .         Spirit   .   (no helmet)
rElec    .         Reflect  .   (no cloak)
rCorr    .         Harm     .   (no gloves)
MR       .....                  (no boots)
Stlth    ..........             (no amulet)
HPRegen  0.33/turn              j - ring of ice
MPRegen  0.09/turn              k - +6 ring of dexterity (curse)

@: mighty, lethally poisoned (-2 -> -3), regenerating quickly, constricted, very
slow
A: no food, fangs 3, see invisible, unbreathing
a: Exsanguinate


You were in a sewer.
You were alive.

You visited 1 branch of the dungeon, and saw 3 of its levels.
You also visited: Sewer.

You collected 144 gold pieces.

Inventory:

Hand Weapons
 a - a +0 long sword (weapon)
Armour
 b - a +0 scale mail (worn)
 c - a +0 kite shield (worn)
 l - a +0 pair of boots
Jewellery
 j - a ring of ice (left hand)
 k - a cursed +6 ring of dexterity (right hand)
Wands
 i - a wand of paralysis (9)
Scrolls
 e - 4 scrolls of identify
 n - a scroll of blinking {unknown}
 o - a scroll of teleportation {unknown}
 p - a scroll of fog {unknown}
 q - a scroll of magic mapping {unknown}
Potions
 d - a potion of might
 f - a potion of stabbing {unknown}
 g - a potion of flight {unknown}
 h - a potion of degeneration {unknown}
 m - 2 potions of heal wounds


   Skills:
 + Level 3.3 Fighting
 + Level 3.6 Long Blades
 + Level 3.4 Armour
 + Level 0.8 Dodging
 + Level 0.3 Stealth
 + Level 4.0 Shields


You had 4 spell levels left.
You didn't know any spells.
Your spell library contained the following spells:

 Spells                   Type           Power        Failure   Level  Hunger
 Freeze                   Ice            #...         99%         1    N/A
 Frozen Ramparts          Ice            #.....       100%        3    N/A
 Ozocubu's Armour         Chrm/Ice       #.......     100%        3    N/A
 Hailstorm                Conj/Ice       #.......     100%        4    N/A
 Summon Ice Beast         Ice/Summ       #.......     100%        4    N/A

Dungeon Overview and Level Annotations

Branches:
Dungeon (3/15)              Sewer (1/1)

Altars:
Dithmenos
Elyvilon
Kikubaaqudgha


Innate Abilities, Weirdness & Mutations

You do not eat.
Your natural rate of healing is unusually fast.
You have razor-sharp teeth.
You have supernaturally acute eyesight. (SInv)
You can survive without breathing.


Message History

The ball python bites you but does no damage.
You block the ball python's attack. The bullfrog hits you.
* * * LOW HITPOINT WARNING * * *
You block the bullfrog's attack.
The ball python bites you but does no damage.
The ball python bites you.
* * * LOW HITPOINT WARNING * * *
x2 The ball python constricts you.
The ball python bites you but does no damage.
You closely miss the bullfrog.
The bullfrog is severely wounded.
The bullfrog hits you.
* * * LOW HITPOINT WARNING * * *
The ball python bites you but does no damage.
You block the bullfrog's attack.
The ball python bites you but does no damage.
The ball python bites you.
* * * LOW HITPOINT WARNING * * *
The ball python constricts you. The bullfrog hits you.
You die...

####################
###..≈≈≈≈≈≈≈≈†≈≈≈≈≈≈..
##...≈≈≈≈≈≈≈FSF≈#≈≈≈≈
#....≈≈≈≈≈≈≈≈@S≈≈≈≈≈≈≈.
#....≈≈≈≈≈≈≈≈SS≈≈≈≈≈#≈.
##....≈≈≈≈≈≈≈≈≈≈≈≈≈≈≈≈≈.
#.....#≈≈≈≈≈≈≈≈≈≈≈≈≈≈≈..
#....###################
##...#### #....#..#
#....'..# #...#####


You could see 2 bullfrogs and 4 ball pythons.

Vanquished Creatures
  11 adders
  3 river rats (Sewer)
  An ooze (D:3)
  A worm (D:2)
  6 dart slugs
  2 leopard geckos (D:1)
  3 orcs (D:3)
  10 ball pythons
  6 bats
  5 giant cockroaches (D:3)
  6 hobgoblins
  6 jackals
  6 kobolds
  2 quokkas
  10 frilled lizards
  7 goblins
  29 rats
  A withered plant (D:2)
115 creatures vanquished.

Notes
Turn   | Place    | Note
-------+----------+-------------------------------------------
     0 | D:1      | Peloso the Vampire Fighter began the quest for the Orb.
     0 | D:1      | Reached XP level 1. HP: 17/17 MP: 1/1
   105 | D:1      | Reached skill level 3 in Shields
   124 | D:1      | Reached XP level 2. HP: 23/23 MP: 2/2
   531 | D:1      | Reached XP level 3. HP: 28/28 MP: 3/3
   895 | D:2      | Reached XP level 4. HP: 20/35 MP: 4/4
  1082 | D:2      | Found an ancient bone altar of Kikubaaqudgha.
  1138 | D:2      | Found a shadowy altar of Dithmenos.
  1766 | D:3      | Found a white marble altar of Elyvilon.
  1780 | D:3      | Reached XP level 5. HP: 41/41 MP: 5/5
  1905 | D:3      | Found a glowing drain.
  1935 | Sewer    | Entered a sewer
  2266 | Sewer    | Reached skill level 4 in Shields
  2409 | Sewer    | HP: 1/41 [ball python (2)]
  2409 | Sewer    | Slain by a bullfrog

Illustrated notes

Levels and vault maps discovered:
D:1:      heliophobic_arrival_ceremonial_halls, layout_loops_ring,
          item_on_display_a
D:2:      wad_crossroads, layout_basic, kiku_gazebo_garden_becter,
          nicolae_dithmenos_through_a_glass_darkly
D:3:      layout_rooms, marbit_many_paths, elyvilon_altar_3, led_sif_pool,
          gup_sewer_entry_glass
Sewer:    sewer_minmay_w

Skill      XL: |  1  2  3  4  5 |
---------------+----------------+-----
Shields        | 3 4 |  4.0
Fighting       | 3 |  3.3
Armour         | 3 |  3.4
Long Blades    | 3 |  3.6
Dodging        | |  0.8
Stealth        | |  0.3

Action                   |  1- 3 |  4- 6 || total
-------------------------+-------+-------++-------
Melee: Long sword        |    97 |   264 ||   361
       Bite              |     7 |    40 ||    47
  Use: Scroll            |     1 |       ||     1
       Potion            |       |     3 ||     3
Armor: Scale mail        |    39 |   207 ||   246
Dodge: Dodged            |    28 |   138 ||   166
Block: Kite shield       |    52 |   266 ||   318
       Rpst.: Long sword |     9 |    43 ||    52
